 Dungeon Sprint DCSS version 0.21-a0-272-g984ae92 (webtiles) character file.

1206 Kidiri the Covert (level 8, 0/42 HPs)
             Began as a Spriggan Enchanter on Sept 15, 2017.
             Was a Priest of Dithmenos.
             Slain by a killer bee (7 damage)
             ... in the Dungeon (Sprint IV: "Fedhas' Mad Dash").
             The game lasted 00:04:34 (1140 turns).

Kidiri the Covert (Spriggan Enchanter)              Turns: 1140, Time: 00:04:35

Health: 0/42       AC:  2    Str:  4    XL:     8   Next: 21%
Magic:  6/21       EV: 26    Int: 17    God:    Dithmenos [***...]
Gold:   101        SH:  7    Dex: 18    Spells: 12/24 levels left

rFire    . . .     SeeInvis +   a - +0 rapier
rCold    . . .     Gourm    .   m - +0 buckler
rNeg     . . .     Faith    .   b - +0 robe
rPois    .         Spirit   .   (helmet restricted)
rElec    .         Reflect  .   (no cloak)
rCorr    .         Harm     .   (gloves unavailable)
MR       +....     NoTele   +   (boots unavailable)
Stlth    +++++++...             i - amulet of invisibility {+Inv}
HPRegen  0.14/turn              (no ring)
MPRegen  0.17/turn              (no ring)

@: lethally poisoned (0 -> -2), very slightly contaminated, wreathed by umbra,
very quick
A: unfitting armour, see invisible, herbivore 3, speed 3, slow metabolism 2
a: Shadow Step, Renounce Religion, Evoke Invisibility


You were in the Dungeon.
You worshipped Dithmenos.
Dithmenos was most pleased with you.
You were hungry.

You visited 1 branch You collected 101 gold pieces.

Inventory:

Hand Weapons
 a - a +0 rapier (weapon)
 n - a +0 short sword
Armour
 b - a +0 robe (worn)
 m - a +0 buckler (worn)
Jewellery
 i - the amulet of invisibility (around neck) {+Inv}
   (You found it in the Dungeon)

   [amulet of nothing]

   It lets you turn invisible.
 p - an uncursed amulet of magic regeneration {unknown}
Wands
 l - a wand of digging (10/24)
Scrolls
 j - a scroll of blinking
 o - a scroll of remove curse {unknown}
Potions
 e - a potion of curing
 f - a potion of heal wounds
 g - a potion of haste
 h - 2 potions of magic
 k - a potion of brilliance {unknown}
Books
 c - a book of Maledictions

   Spells                             Type                      Level
   a - Corona                         Hexes                        1
   b - Ensorcelled Hibernation        Hexes/Ice                    2
   c - Confuse                        Hexes                        3
   d - Tukima's Dance                 Hexes                        3
   e - Dazzling Spray                 Conjuration/Hexes            3
Comestibles
 d - a bread ration


   Skills:
 + Level 3.9 Fighting
 * Level 7.8 Short Blades
 + Level 3.6 Armour
 * Level 10.5 Dodging
 * Level 11.7 Stealth
 + Level 2.4 Shields
 * Level 8.9 Spellcasting
 + Level 3.1 Conjurations
 + Level 7.1 Hexes
 + Level 3.6 Ice Magic


You had 12 spell levels left.
You knew the following spells:

 Your Spells              Type           Power        Failure   Level  Hunger
a - Corona                Hex            ####...      1%          1    None
b - Ensorcelled Hibernat  Hex/Ice        ####..       2%          2    None
c - Confuse               Hex            ####....     2%          3    None
d - Tukima's Dance        Hex            ####....     2%          3    None
e - Dazzling Spray        Conj/Hex       ####..       4%          3    None


Dungeon Overview and Level Annotations

Branches:
Dungeon (1/1)

Altars:
Cheibriados
Dithmenos
Elyvilon
Gozag
Hepliaklqana
Kikubaaqudgha
Makhleb
Nemelex Xobeh
Okawaru
Qazlal
Ru
Sif Muna
Trog
Uskayaw
Vehumet
Wu Jian
Xom
Yredelemnul
Zin
The Shining One
Beogh
Jiyva
Lugonu

Shops:
D *(=(


Innate Abilities, Weirdness & Mutations

You are very small and have problems with some larger weapons.
You are too small for most types of armour.
You have supernaturally acute eyesight. (SInv)
You are a herbivore.
You cover ground extremely quickly.
You need consume almost no food.


Message History

You hear an angry buzzing noise.
The killer bee closely misses you.
There is an open door here.
You hear an angry buzzing noise.
The killer bee closely misses you.
You hear an angry buzzing noise.
The killer bee completely misses you.
You hear an angry buzzing noise.
Casting: Ensorcelled Hibernation
Confirm with . or Enter, or press ? or * to list all spells.
Aiming: Dazzling Spray
Press: ? - help, Shift-Dir - straight line, f - killer bee
Aim: a killer bee (heavily wounded, berserk, fast, unusually strong, umbra)
The spray of energy hits the killer bee.
The killer bee is almost dead.
The killer bee is dazzled.
The spray of energy misses the killer bee.
You block the killer bee's attack. The killer bee completely misses you.
The killer bee stings you!
You die...

#########################
#<..P#.....#.....#.⌠._._.
#PP..'.(@..'.#...+.._._._
#PPPP#...yy#.#...#..._._.
###############'##.._._._
#...♣.......yy...#._._._.
#%.....♣.....#...########
#..†..♣..♣..######
##+####+#####


You could see 2 killer bees.

Vanquished Creatures
  A queen bee (D)
  A burning bush (D)
  2 wandering mushrooms (D)
  2 scorpions (D)
  A killer bee (D)
  4 oklob saplings (D)
  A worker ant (D)
  2 spriggans (D)
  A river rat (D)
  A rat (D)
16 creatures vanquished.

Notes
Turn   | Place    | Note
-------+----------+-------------------------------------------
     0 | D        | Kidiri the Spriggan Enchanter began the quest for the Orb.
     0 | D        | Reached XP level 1. HP: 9/9 MP: 5/5
    13 | D        | Reached skill level 5 in Stealth
    13 | D        | Reached XP level 2. HP: 5/14 MP: 7/7
    20 | D        | Learned a level 2 spell: Ensorcelled Hibernation
   246 | D        | Noticed an oklob sapling
   247 | D        | Killed an oklob sapling
   247 | D        | Reached skill level 1 in Fighting
   247 | D        | Reached skill level 1 in Armour
   247 | D        | Reached skill level 6 in Stealth
   247 | D        | Reached XP level 3. HP: 18/18 MP: 7/9
   270 | D        | Learned a level 3 spell: Confuse
   274 | D        | Learned a level 3 spell: Tukima's Dance
   338 | D        | Found the amulet of invisibility {+Inv}
   421 | D        | Reached skill level 5 in Dodging
   482 | D        | Noticed an oklob sapling
   485 | D        | Killed an oklob sapling
   485 | D        | Reached skill level 7 in Stealth
   485 | D        | Reached skill level 1 in Ice Magic
   485 | D        | Reached XP level 4. HP: 23/23 MP: 7/11
   490 | D        | Learned a level 3 spell: Dazzling Spray
   566 | D        | Found an opulent altar of Gozag.
   566 | D        | Found a hazy altar of Hepliaklqana.
   566 | D        | Found a roughly hewn altar of Beogh.
   566 | D        | Found a snail-covered altar of Cheibriados.
   572 | D        | Found a viscous altar of Jiyva.
   572 | D        | Found a burning altar of Makhleb.
   572 | D        | Found a sparkling altar of Nemelex Xobeh.
   572 | D        | Found a sacrificial altar of Ru.
   572 | D        | Found a deep blue altar of Sif Muna.
   572 | D        | Found a bloodstained altar of Trog.
   572 | D        | Found an ornate altar of the Wu Jian Council.
   572 | D        | Found a shimmering altar of Xom.
   572 | D        | Found a basalt altar of Yredelemnul.
   573 | D        | Found an iron altar of Okawaru.
   573 | D        | Found a shadowy altar of Dithmenos.
   573 | D        | Found a glowing silver altar of Zin.
   574 | D        | Found an ancient bone altar of Kikubaaqudgha.
   574 | D        | Found a hide-covered altar of Uskayaw.
   575 | D        | Found a stormy altar of Qazlal.
   575 | D        | Found a white marble altar of Elyvilon.
   575 | D        | Found a glowing golden altar of the Shining One.
   576 | D        | Found a corrupted altar of Lugonu.
   576 | D        | Found a radiant altar of Vehumet.
   581 | D        | Became a worshipper of Dithmenos the Shadowed
   583 | D        | Reached skill level 5 in Spellcasting
   583 | D        | Reached skill level 5 in Hexes
   732 | D        | Reached skill level 8 in Stealth
   732 | D        | Reached skill level 1 in Conjurations
   732 | D        | Reached XP level 5. HP: 27/27 MP: 11/14
   882 | D        | Reached * piety under Dithmenos
   882 | D        | Reached skill level 5 in Short Blades
   885 | D        | Reached skill level 9 in Stealth
   912 | D        | Found Ikola's Weapon Shop.
   912 | D        | Found Echer's Assorted Antiques.
  1009 | D        | Noticed a burning bush
  1009 | D        | Noticed a wandering mushroom
  1010 | D        | Noticed a wandering mushroom
  1013 | D        | Killed a burning bush
  1013 | D        | Reached ** piety under Dithmenos
  1013 | D        | Reached skill level 10 in Stealth
  1013 | D        | Reached skill level 1 in Shields
  1013 | D        | Reached XP level 6. HP: 32/32 MP: 13/17
  1014 | D        | Killed a wandering mushroom
  1014 | D        | Reached XP level 7. HP: 36/36 MP: 13/19
  1018 | D        | Killed a wandering mushroom
  1018 | D        | Reached *** piety under Dithmenos
  1018 | D        | Reached skill level 10 in Dodging
  1018 | D        | Reached skill level 11 in Stealth
  1030 | D        | Found Ceitegroh's Weapon Emporium.
  1030 | D        | Found Qyfuquoff's Jewellery Shoppe.
  1106 | D        | Noticed a queen bee
  1120 | D        | Killed a queen bee
  1120 | D        | Reached XP level 8. HP: 38/42 MP: 7/21
  1140 | D        | Slain by a killer bee

Vault maps used:
D:        dungeon_sprint_fedhas

Skill      XL: |  1  2  3  4  5  6  7 |
---------------+----------------------+-----
Short Blades   | 2 3 4 6 7 |  7.8
Stealth        | 5 6 7 8 10 11 | 11.7
Spellcasting   | 3 4 5 7 8 |  8.9
Hexes          | 4 5 6 7 |  7.1
Fighting       | 1 2 3 |  3.9
Armour         | 1 2 3 |  3.6
Dodging        | 4 5 7 8 9 10 | 10.5
Ice Magic      | 1 2 3 |  3.6
Conjurations   | 1 2 3 |  3.1
Shields        | 1 2 |  2.4

Action                   |  1- 3 |  4- 6 |  7- 9 || total
-------------------------+-------+-------+-------++-------
Melee: Dagger            |    11 |     5 |       ||    16
       Short sword       |       |     2 |     2 ||     4
       Rapier            |       |       |     6 ||     6
 Cast: Ensorcelled Hiber |     5 |       |     1 ||     6
       Dazzling Spray    |       |       |     6 ||     6
 Abil: Evoke Invisibilit |     1 |     4 |     1 ||     6
  Use: Potion            |     1 |       |       ||     1
 Stab: Sleeping          |     3 |     7 |     3 ||    13
       Invisible         |       |       |     1 ||     1
Dodge: Dodged            |    10 |       |    46 ||    56
Block: Buckler           |       |       |    15 ||    15

Table legend:
 A = Spawn XP
 B = Non-spawn XP
 C = Spawn XP percentage of total XP
 D = Spawn monster count
 E = Non-spawn monster count
 F = Spawn count percentage of total count
 G = Total turns spent on level
                    A         B        C        D         E        F      G
               +---------+---------+-------+---------+---------+-------+---------
         Total |       0 |    1724 |   0.0 |       0 |      16 |   0.0 |  1140
               +---------+---------+-------+---------+---------+-------+---------
             D |       0 |    1724 |   0.0 |       0 |      16 |   0.0 |  1140
               +---------+---------+-------+---------+---------+-------+---------
